 Dungeon Crawl Stone Soup version 0.29.1-13-g9f3cf754e1 (webtiles) character file.

Game seed: 1477363408470621256

80 xian the Gusty (level 4, 0/30 HPs)
             Began as a Demonspawn Air Elementalist on Feb 11, 2023.
             Slain by Grinder (1 damage)
             ... on level 3 of the Dungeon.
             The game lasted 00:05:16 (3064 turns).

xian the Gusty (Demonspawn Air Elementalist)        Turns: 3064, Time: 00:05:16

Health: 0/30       AC:  7    Str: 14    XL:     4   Next: 18%
Magic:  8/8        EV: 12    Int: 18    God:
Gold:   49         SH:  0    Dex: 14    Spells: 3/9 levels left

rFire   . . .      SeeInvis .   d - +0 short sword
rCold   . . .      Faith    .   (no shield)
rNeg    . . .      Spirit   .   h - +0 leather armour
rPois   .          Reflect  .   (no helmet)
rElec   .          Harm     .   (no cloak)
rCorr   .          Rampage  .   (no gloves)
Will    .....                   a - +0 pair of boots
Stlth   ++........              (no amulet)
HPRegen 0.10/turn               n - +6 ring of strength
MPRegen 0.11/turn               (no ring)

@: about to teleport
A: molten scales 2
a: no special abilities


You were on level 3 of the Dungeon.
You visited 1 branch of the dungeon, and saw 3 of its levels.

You collected 156 gold pieces.
You spent 107 gold pieces at shops.

Inventory:

Hand Weapons
 d - a +0 short sword (weapon)
Armour
 a - a +0 pair of boots (worn)
 h - a +0 leather armour (worn)
Jewellery
 n - a +6 ring of strength (left hand)
Scrolls
 c - a scroll of identify {unknown}
 e - 3 scrolls of teleportation
 i - a scroll of enchant armour {unknown}
 m - 2 scrolls of enchant weapon {unknown}
Potions
 b - a potion of magic
 f - a potion of cancellation {unknown}
 g - a potion of heal wounds {unknown}
 j - 2 potions of might {unknown}
 k - a potion of curing {unknown}
 l - a potion of degeneration {unknown}


   Skills:
 + Level 0.1 Fighting
 + Level 1.9 Dodging
 + Level 1.8 Stealth
 + Level 3.0 Spellcasting
 + Level 2.0 Conjurations
 + Level 3.4 Air Magic


You had 3 spell levels left.
You knew the following spells:

 Your Spells              Type           Power      Damage    Failure   Level
a - Shock                 Conj/Air       48%        1d6       7%          1
b - Static Discharge      Conj/Air       12%        3-5/arc   11%         2
c - Swiftness             Air            15%        N/A       16%         3

Your spell library contained the following spells:

 Spells                   Type           Power      Damage    Failure   Level
 Stone Arrow              Conj/Erth      12%        3d7       38%         3
 Airstrike                Air            7%         2d(2-18)  45%         4
 Animate Armour           Summ/Erth      4%         N/A       90%         4
 Lehudib's Crystal Spear  Conj/Erth      3%         10d2      100%        8


Dungeon Overview and Level Annotations

Branches:
Dungeon (3/15)

Altars:

Shops:
D:2 *

Annotations:
D:3 1 runed translucent door, Grinder; Terence; sigtrap's ghost, amateur KoBr


Innate Abilities, Weirdness & Mutations

You are mostly covered in molten scales. (AC +3)


Message History

The zap hits the goblin.
You kill the goblin!
You can't see any susceptible monsters within range! (Use Z to cast anyway.)
You can't see any susceptible monsters within range! (Use Z to cast anyway.)
You can't see any susceptible monsters within range! (Use Z to cast anyway.)
A centaur comes into view.
Found a runed translucent door.
You start resting.
Magic restored.
You start waiting.
A centaur is nearby!
You start waiting.
Done waiting.
Found 3 stones.
Sigtrap's ghost turns its malevolent gaze towards you.
Found a scroll labelled OLIGET KYAPI and a potion of magic.
Terence the Incautious comes into view.
He is wielding a +0 mace.
Sigtrap's ghost tries to blend into its surroundings.
Things that are here:
a +0 club; a goblin corpse
Found a stone staircase leading down.
Found a dark potion.
Grinder comes into view.
Grinder shouts!
Grinder gestures at you. You resist with significant effort.
You see here a dark potion.
Grinder gestures at you. Pain shoots through your body!
Grinder gestures at you.
You suddenly lose the ability to move!
Grinder hits you.
You writhe in agony.
Grinder hits you.
You writhe in agony.
* * * LOW HITPOINT WARNING * * *
You can move again.
As you read the scroll of teleportation, it crumbles to dust.
You feel strangely unstable. Grinder hits you!
* * * LOW HITPOINT WARNING * * *
You writhe in agony.
You die...

..#####..# ##
##.### #...## #
###..## ..# ###
##..### ..### ..>
##.... ... #.###
##### #5## ...#
#.@######.######
##.!...##......####
#####...#####...).
###....#######
####..... #### # #
#.


You could see Grinder.

Vanquished Creatures
  An adder (D:2)
  A worm (D:2)
  A dart slug (D:1)
  A ball python (D:1)
  6 endoplasms
  4 giant cockroaches
  6 goblins
  6 hobgoblins
  7 jackals (D:1)
  8 kobolds (D:1)
  4 quokkas
  4 bats
  3 frilled lizards (D:2)
  6 rats
58 creatures vanquished.

Notes
Turn   | Place    | Note
-------+----------+-------------------------------------------
     0 | D:1      | xian the Demonspawn Air Elementalist began the quest for
                  | the Orb.
     0 | D:1      | Reached XP level 1. HP: 13/13 MP: 3/3
   547 | D:1      | Gained mutation: You are partially covered in molten
                  | scales. (AC +2) [demonic ancestry]
   547 | D:1      | Reached XP level 2. HP: 19/19 MP: 1/5
   550 | D:1      | Learned a level 2 spell: Static Discharge
   955 | D:1      | Gained mutation: You are mostly covered in molten scales.
                  | (AC +3) [demonic ancestry]
   955 | D:1      | Reached XP level 3. HP: 12/24 MP: 0/6
  1526 | D:1      | Learned a level 3 spell: Swiftness
  2348 | D:2      | Reached XP level 4. HP: 27/30 MP: 2/8
  2434 | D:2      | Found Zidabyl's Assorted Antiques.
  2506 | D:2      | Bought a ruby potion for 26 gold pieces
  2506 | D:2      | Bought a fuming yellow potion for 26 gold pieces
  2506 | D:2      | Bought a scroll labelled DUIFODOORU for 29 gold pieces
  2506 | D:2      | Bought a bubbling clear potion for 26 gold pieces
  2874 | D:3      | Noticed a centaur
  2875 | D:3      | Found a runed translucent door.
  3031 | D:3      | Noticed sigtrap's ghost (amateur KoBr)
  3033 | D:3      | Noticed Terence
  3058 | D:3      | Noticed Grinder
  3061 | D:3      | Paralysed by Grinder for 3 turns
  3064 | D:3      | HP: 1/30 [Grinder (8)]
  3064 | D:3      | Slain by Grinder

Illustrated notes

Levels and vault maps discovered:
D:1:      matt_arrival_los_fun, layout_rooms
D:2:      layout_loops_cross, serial_shops, nicolae_shop_advertising_works
          [nicolae_subvault_shop_adworks], palyth_stone_intersect
D:3:      layout_rooms, mainiacjoe_overflow_boulevard,
          chequers_ecumenical_altar_island, hellmonk_ghost_happy_afterlife,
          serial_shops, nicolae_shop_trees, uniq_sigmund, uniq_grinder,
          uniq_terence

Skill      XL: |  1  2  3  4 |
---------------+-------------+-----
Air Magic      | 3 |  3.4
Conjurations   | 2 |  2.0
Spellcasting   | 3 |  3.0
Fighting       | |  0.1
Dodging        | |  1.9
Stealth        | |  1.8

Action                   |  1- 3 |  4- 6 || total
-------------------------+-------+-------++-------
Melee: Unarmed           |     9 |       ||     9
       Short sword       |    53 |       ||    53
 Cast: Shock             |    86 |     9 ||    95
       Static Discharge  |     5 |       ||     5
  Use: Scroll            |       |     2 ||     2
Armor: Robe              |    23 |       ||    23
Dodge: Dodged            |    53 |       ||    53
